 Dungeon Crawl Stone Soup version 0.19-a0-526-gbe2e51c (webtiles) character file.

4 Duffy the Skirmisher (level 1, -2/21 HPs)
             Began as a Naga Fighter on June 7, 2016.
             Slain by a kobold
             ... wielding a +2 short sword of draining
              (6 damage)
             ... on level 1 of the Dungeon.
             The game lasted 00:00:16 (340 turns).

Duffy the Skirmisher (Naga Fighter)                  Turns: 340, Time: 00:00:17

Health: -2/21      AC:  3    Str: 18    XL:     1   Next: 60%
Magic:  3/10       EV:  4    Int:  8    God:
Gold:   40         SH:  7    Dex: 10    Spells: 0 memorised, 0 levels left

rFire  . . .     SeeInvis +     a - +0 flail
rCold  . . .     Gourm    .     b - +0 scale mail
rNeg   . . .     Faith    .     c - +0 shield
rPois  +         Spirit   .     (no helmet)
rElec  .         Dismiss  .     (no cloak)
rCorr  .         Reflect  .     (no gloves)
SustAt .         Harm     .     (no barding)
MR     .....                    (no amulet)
Stlth  ..........               (no ring)
                                i - ring of magical power

@: heavily drained, very slow, not resistant to hostile enchantments, extremely
unstealthy
A: see invisible, deformed body, poison resistance, slowness 2, slow metabolism
1, spit poison 2, AC +0
a: Spit Poison


You were on level 1 of the Dungeon.
You were not hungry.

You visited 1 branch of the dungeon, and saw 1 of its levels.

You collected 40 gold pieces.


Innate Abilities, Weirdness & Mutations

You cannot wear boots.
Your serpentine skin is tough. (AC +0)
You have supernaturally acute eyesight. (SInv)
Armour fits poorly on your strangely shaped body.
Your system is resistant to poisons. (rPois)
You cover ground very slowly.
You have a slow metabolism.
You can spit poison.


   Skills:
 - Level 3.0(1.5) Fighting
 + Level 2.2(0.8) Maces & Flails
 - Level 2.4(0.9) Armour
 + Level 2.5(1.0) Shields


You couldn't memorise any spells.
You didn't know any spells.

Inventory:

Hand Weapons
 a - a +0 flail (weapon)
Armour
 b - a +0 scale mail (worn)
 c - a +0 shield (worn)
Jewellery
 i - a ring of magical power (left hand)
Scrolls
 g - a scroll of identify {unknown}
 h - a scroll of enchant armour {unknown}
Potions
 d - a potion of might
 e - a potion of agility {unknown}
Comestibles
 f - a bread ration

Dungeon Overview and Level Annotations

Branches:
Dungeon (1/15)

Altars:


Message History

You thump the goblin!
You kill the goblin!
No target in view!
No target in view!
No target in view!
No target in view!
No target in view!
No target in view!
No target in view!
No target in view!
h - a scroll labeled RINGINER PITAU
i - a marble ring You now have 40 gold pieces (gained 10).
A giant newt comes into view.
Put on which piece of jewellery? (? for menu, Esc to quit)
You feel your magic capacity increase.
i - a ring of magical power (left hand)
You hit the giant newt but do no damage.
You block the giant newt's attack. x2
You closely miss the giant newt. The giant newt bites you.
A kobold comes into view.
It is wielding a short sword of draining.
You closely miss the giant newt.
The kobold shouts!
The giant newt bites you. The giant newt barely misses you.
You closely miss the giant newt.
The giant newt bites you but does no damage.
You sock the giant newt!
You kill the giant newt!
You block the kobold's attack.
You closely miss the kobold. You block the kobold's attack.
You hit the kobold but do no damage. The kobold hits you but does no damage.
You feel drained.
You closely miss the kobold.
The kobold hits you with a short sword of draining.
You feel drained. The kobold hits you but does no damage.
You feel drained.
You are too injured to fight recklessly!
You are too injured to fight recklessly!
A kobold is nearby!
A kobold is nearby!
You barely miss the kobold. The kobold hits you but does no damage.
You feel drained.
You hit the kobold but do no damage.
The kobold hits you with a short sword of draining.
You feel drained.
The kobold hits you with a short sword of draining.
You feel drained.
You hit the kobold.
The kobold is moderately wounded.
The kobold hits you with a short sword of draining.
You die...

..# #. #.# #. #.# #.
####.#### #.
#.......# #.
#.##..#.######## #.
#.##............
#.###.#.....#######.
#..@K......## #.
#..........##.## #.
#.######...##.# #.
######.# #. #'# #.
.. #. .. #. .. ##.
....


You could see a kobold.

Action                   || total
-------------------------++-------
Melee: Flail             ||    18
Armor: Scale mail        ||     4
Dodge: Dodged            ||     4
Block: Shield            ||     5

Notes
Turn   | Place    | Note
--------------------------------------------------------------
     0 | D:1      | Duffy the Naga Fighter began the quest for the Orb.
     0 | D:1      | Reached XP level 1. HP: 21/21 MP: 1/1
   340 | D:1      | Slain by a kobold

Vault maps used:
D:1:      minmay_arrival_four_loops

Vanquished Creatures
  A goblin
  A hobgoblin
  A giant newt
  A rat
4 creatures vanquished.
